AoeStats
← [PYSA] - ༺Mojo Jijo༻

MegaRandom

508569388Analyzed
3v3 RM · 8d ago on Sep 23, 2026· 57m 48s· 6 players
Game mode
Random Map
Map size
Normal (6 player)
Population
200
Speed
Normal
Resources
Standard
Victory
Conquest
Starting age
Dark Age
Ending age
Imperial Age
RankedLock teamsTeams togetherTeam positionsShared explorationLock speedFull tech treeHidden civsTurbo modeCheats
Victory
Defeat
🇺🇾 Mongols · Uruguay
1288
+11
🇦🇷 Spanish · Argentina
1206
+14
🇦🇷 Burgundians · Argentina
1058
+20
🇦🇷 Franks · Argentina
1207
-17
🇦🇷 Danes · Argentina
1197
-16
🇦🇷 Portuguese · Argentina
1084
-12
[PYSA] - Abusamadres Jones
5:06 Loom
16:26 Feudal Age
17:53 Town Watch
20:54 Castle Age
22:12 Wheelbarrow
27:28 Scale Barding Armor
28:21 Husbandry
34:24 Forging
34:39 Hand Cart
35:17 Chain Barding Armor
39:26 Iron Casting
41:55 Double-Bit Axe
52:29 Imperial Age
54:11 Plate Barding Armor
54:02 Cavalier
57:09 Pikeman
57:14 Man-at-Arms
57:39 Gambesons
[PYSA] - Manu Jijobili
6:34 Loom
14:42 Feudal Age
15:20 Double-Bit Axe
19:45 Castle Age
21:29 Bow Saw
27:01 Town Watch
27:55 Fletching
28:09 Padded Archer Armor
28:03 Fletching
28:14 Elite Skirmisher
28:59 Crossbowman
29:56 Padded Archer Armor
32:50 Wheelbarrow
32:38 Bodkin Arrow
32:43 Horse Collar
36:19 Town Patrol
38:11 Hand Cart
38:38 Thumb Ring
48:02 Imperial Age
46:09 Ballistics
49:54 Imperial Age
50:01 Imperial Age
50:07 Leather Archer Armor
53:41 Imperial Age
[PYSA] - ༺Mojo Jijo༻
10:43 Loom
13:32 Feudal Age
18:08 Castle Age
16:36 Double-Bit Axe
18:28 Horse Collar
24:14 Pikeman
25:36 Arson
26:52 Wheelbarrow
27:29 Stone Mining
31:15 Scale Mail Armor
32:01 Squires
38:11 Gambesons
41:04 Guard Tower
41:37 Fletching
42:20 Padded Archer Armor
44:00 Bodkin Arrow
47:19 Ballistics
49:41 Bloodlines
49:31 Husbandry
50:15 Town Watch
51:15 Leather Archer Armor
acm_
5:04 Loom
16:19 Feudal Age
16:50 Double-Bit Axe
16:48 Horse Collar
28:30 Castle Age
28:03 Fletching
28:13 Padded Archer Armor
28:28 Heavy Plow
30:43 Elite Skirmisher
34:48 Murder Holes
42:15 Wheelbarrow
41:28 Town Watch
42:07 Gold Mining
43:45 Cavalier
44:26 Husbandry
45:44 Forging
45:39 Scale Barding Armor
45:31 Stone Mining
46:51 Scale Barding Armor
52:13 Imperial Age
50:09 Hand Cart
51:19 Scale Mail Armor
51:55 Iron Casting
51:40 Chain Barding Armor
50:53 Pikeman
52:26 Bow Saw
52:19 Halberdier
53:39 Gold Shaft Mining
53:39 Stone Shaft Mining
55:53 Chain Mail Armor
Pipo
3:26 Loom
13:09 Feudal Age
13:38 Double-Bit Axe
15:51 Horse Collar
19:16 Scale Barding Armor
20:32 Forging
25:53 Castle Age
27:16 Husbandry
27:27 Bloodlines
27:22 Gold Mining
27:54 Bow Saw
30:31 Wheelbarrow
30:17 Fervor
36:53 Chain Barding Armor
38:03 Iron Casting
39:22 Hand Cart
42:40 Imperial Age
43:45 Elite Steppe Lancer
47:26 Blast Furnace
46:18 Fletching
57:10 Elite Mangudai
58:12 Conscription
Cango
8:28 Loom
15:26 Feudal Age
19:59 Castle Age
19:41 Padded Archer Armor
21:17 Scale Barding Armor
21:55 Husbandry
22:23 Leather Archer Armor
28:41 Bloodlines
30:26 Horse Collar
32:06 Double-Bit Axe
32:45 Forging
33:59 Town Watch
34:28 Bow Saw
35:44 Wheelbarrow
48:35 Imperial Age
46:14 Heavy Plow
48:31 Iron Casting
49:06 Chain Barding Armor
52:02 Imperial Age
52:01 Gold Mining
54:50 Plate Barding Armor
54:06 Cavalier
56:17 Blast Furnace
57:02 Paladin
57:38 Fletching
58:43 Conscription
Connection lost

Rejoining the realm…

Still unreachable

The connection could not be restored.

Session expired

The server has moved on; the page needs a fresh start.